 Dungeon Crawl Stone Soup version 0.26-a0-812-g31a745ddcd (webtiles) character file.

Game seed: 9316166888731218640

9459 mhtbhm the Basher (level 11, -4/68 HPs)
             Began as a Gargoyle Fighter on Nov 13, 2020.
             Was a High Priest of Okawaru.
             Killed from afar by an ice statue (27 damage)
             ... with a bolt of cold
             ... in an ice cave.
             The game lasted 00:15:19 (11852 turns).

mhtbhm the Basher (Gargoyle Fighter)               Turns: 11852, Time: 00:15:19

Health: -4/68      AC: 32    Str: 23    XL:     11   Next: 46%
Magic:  20/20      EV:  6    Int:  9    God:    Okawaru [*****.]
Gold:   679        SH: 12    Dex:  9    Spells: 10/10 levels left

rFire    . . .     SeeInvis .   a - +3 flail (protect)
rCold    . . .     Faith    .   c - +0 kite shield
rNeg     + . .     Spirit   .   b - +0 plate armour
rPois    ∞         Reflect  .   (no helmet)
rElec    +         Harm     .   o - +0 cloak
rCorr    .         Rampage  .   u - +0 pair of gloves (curse)
MR       .....                  s - +0 pair of boots
Stlth    ..........             C - amulet of the acrobat
HPRegen  0.21/turn              x - ring of magical power
MPRegen  0.17/turn              E - ring of stealth

@: mighty, protection aura
A: negative energy resistance 1, electricity resistance, unbreathing,
petrification resistance, rot immunity, AC +8
a: Heroism, Finesse, Renounce Religion


You were in an ice cave.
You worshipped Okawaru.
Okawaru was extremely pleased with you.
You visited 3 branches of the dungeon, and saw 12 of its levels.
You also visited: Sewer and Ice Cave.

You collected 679 gold pieces.

Inventory:

Hand Weapons
 a - a +3 flail of protection (weapon)
Armour
 b - a +0 plate armour (worn)
 c - a +0 kite shield (worn)
 o - a +0 cloak (worn)
 s - a +0 pair of boots (worn)
 u - a cursed +0 pair of gloves (worn)
Jewellery
 x - a ring of magical power (left hand)
 C - an amulet of the acrobat (around neck)
 E - a ring of stealth (right hand)
Wands
 i - a wand of digging (4)
 m - a wand of iceblast (5)
 y - a wand of acid (5)
 D - a wand of enslavement (11)
 F - a wand of disintegration (11)
Scrolls
 g - 3 scrolls of magic mapping
 h - 11 scrolls of teleportation
 k - 2 scrolls of immolation
 l - 5 scrolls of fear
 p - a scroll of blinking
 q - 5 scrolls of remove curse {unknown}
 r - 2 scrolls of fog {unknown}
 t - a scroll of random uselessness {unknown}
 w - a scroll of noise {unknown}
Potions
 d - a potion of degeneration {unknown}
 e - 8 potions of curing
 j - 5 potions of flight
 n - 3 potions of attraction
 v - a potion of cancellation {unknown}
 z - a potion of heal wounds
 B - a potion of berserk rage {unknown}
 G - a potion of mutation {unknown}
 H - a potion of experience {unknown}
 I - a potion of resistance {unknown}


   Skills:
 + Level 8.0 Fighting
 + Level 11.6 Maces & Flails
 + Level 7.8 Armour
 + Level 2.1 Dodging
 - Level 0.4 Stealth
 + Level 10.4 Shields
 + Level 0.1 Evocations


You had 10 spell levels left.
You didn't know any spells.
Your spell library contained the following spells:

 Spells                   Type           Power        Failure   Level
 Corona                   Hex            #......      100%        1
 Sting                    Tmut/Pois      #...         100%        1
 Ensorcelled Hibernation  Hex/Ice        #.....       100%        2
 Poisonous Vapours        Pois/Air       #.....       100%        2
 Confusing Touch          Hex            #.......     100%        3
 Dazzling Flash           Conj/Hex       #.....       100%        3
 Ignite Poison            Fire/Tmut/Pois #.......     100%        3
 Mephitic Cloud           Conj/Pois/Air  #.......     100%        3
 Tukima's Dance           Hex            #.......     100%        3
 Olgreb's Toxic Radiance  Pois           #.......     100%        4
 Fireball                 Conj/Fire      #.........   100%        5
 Starburst                Conj/Fire      #.........   100%        6
 Ignition                 Fire           #.........   100%        8


Dungeon Overview and Level Annotations

Branches:
Dungeon (9/15)             Temple (1/1) D:5            Lair (2/6) D:8
  Sewer (visited)           IceCv (1/1)
  Swamp: Lair:2-4    Shoals: Lair:2-4     Snake: Lair:2-4    Spider: Lair:2-4
    Orc: D:9-12

Altars:
Ashenzari
Cheibriados
Dithmenos
Elyvilon
Fedhas
Gozag
Hepliaklqana
Kikubaaqudgha
Makhleb
Nemelex Xobeh
Okawaru
Qazlal
Ru
Sif Muna
Trog
Uskayaw
Vehumet
Wu Jian
Xom
Yredelemnul
Zin
The Shining One

Shops:
D:5 ::   D:9 :

Annotations:
Lair:2 Prince Ribbit IceCv exclusion: 3 ice statues


Innate Abilities, Weirdness & Mutations

You are resistant to torment.
Your stone body is resilient. (AC +8)
You are immune to poison.
You resist negative energy. (rN+)
You are resistant to electric shocks. (rElec)
You can survive without breathing.
You are immune to petrification.
You are immune to rotting.


Message History

You thump the ice statue!
The ice statue is heavily damaged.
The ice statue gestures at you. The bolt of cold misses you.
The ice statue gestures.
You block the ice beast's attack. x2
You hit the ice statue.
The ice statue is heavily damaged.
The ice statue gestures.
The ice statue gestures at you.
The ice beast hits you but does no damage. x2
You hit the ice statue but do no damage.
The ice statue is heavily damaged.
The ice statue gestures.
The ice beast hits you but does no damage.
You block the ice beast's attack.
You sock the ice statue!
The ice statue is severely damaged.
The ice statue gestures at you. The bolt of cold hits you!!
You die...

##.....##
##.......##
#.........#
#.........#
#....÷....#
#........[#
#."..§°...#
#####.#####
#8@Y.....8#
#.YY☼☼.YY.#
#.Y☼○.....#
#.☼○☼.....#
#.........#
##.......##
##.....##
###8###


You could see 3 ice statues and 6 ice beasts.

Vanquished Creatures
  A two-headed ogre (D:8)
  An unseen horror (D:8)
  An ugly thing (IceCv)
  2 cane toads (Lair:1)
  2 komodo dragons
  A hornet (D:8)
  7 yaks (Lair:1)
  Edmund (D:5)
  6 water moccasins
  3 orc warriors
  A sky beast (D:5)
  8 ice beasts
  3 black bears
  A necrophage (D:7)
  An ogre (D:5)
  3 phantoms
  2 centaurs
  8 bullfrogs
  A wyvern zombie (D:7)
  A scorpion (D:8)
  A water moccasin skeleton (D:6)
  5 wights (D:8)
  A bullfrog zombie (D:9)
  2 howler monkeys (D:7)
  2 centaur zombies
  5 jellies
  6 hounds
  12 orc wizards
  A bullfrog skeleton (D:7)
  7 orc priests
  Crazy Yiuf (D:2)
  An iguana (D:5)
  7 worker ants
  A killer bee zombie (D:8)
  A hound zombie (D:6)
  A howler monkey zombie (D:7)
  7 gnolls (D:3)
  13 adders
  6 river rats
  A shadow imp (D:5)
  3 white imps
  2 ufetubi
  2 oozes
  3 adder zombies
  5 worms
  A dart slug (D:2)
  7 leopard geckos
  35 orcs
  6 ball pythons
  9 bats
  7 giant cockroaches
  2 gnoll zombies (D:6)
  8 goblins
  12 hobgoblins
  5 jackals
  9 kobolds
  6 quokkas
  11 frilled lizards
  A giant cockroach zombie (D:6)
  A leopard gecko zombie (D:7)
  A quokka skeleton (D:5)
  17 rats
288 creatures vanquished.

Vanquished Creatures (others)
  A quokka (D:5)
  39 fungi
  46 plants
86 creatures vanquished.

Grand Total: 374 creatures vanquished

Notes
Turn   | Place    | Note
-------+----------+-------------------------------------------
     0 | D:1      | mhtbhm the Gargoyle Fighter began the quest for the Orb.
     0 | D:1      | Reached XP level 1. HP: 14/14 MP: 1/1
    42 | D:1      | Reached XP level 2. HP: 5/19 MP: 2/2
   623 | D:1      | Reached XP level 3. HP: 23/23 MP: 3/3
  1085 | D:2      | Reached XP level 4. HP: 16/28 MP: 4/4
  1261 | D:2      | Reached skill level 3 in Maces & Flails
  1314 | D:2      | Found a runed translucent door.
  1315 | D:2      | Noticed Crazy Yiuf
  1736 | D:2      | Killed Crazy Yiuf
  1736 | D:2      | Reached XP level 5. HP: 33/33 MP: 5/5
  1884 | D:3      | Reached skill level 4 in Maces & Flails
  1903 | D:3      | Found a shimmering altar of Xom.
  2093 | D:3      | Reached XP level 6. HP: 24/38 MP: 6/6
  2228 | D:3      | Found a hide-covered altar of Uskayaw.
  2521 | D:3      | Found a shadowy altar of Dithmenos.
  2521 | D:3      | Found a hazy altar of Hepliaklqana.
  2524 | D:3      | Noticed a shadow
  2575 | D:3      | Reached skill level 1 in Dodging
  3224 | D:4      | Found a radiant altar of Vehumet.
  3738 | D:4      | Reached skill level 5 in Shields
  3738 | D:4      | Reached XP level 7. HP: 43/43 MP: 7/7
  3745 | D:4      | Reached skill level 5 in Maces & Flails
  4213 | D:5      | Entered Level 5 of the Dungeon
  4235 | D:5      | Found Mud Leyp's Book Boutique.
  4237 | D:5      | Found a sparkling altar of Nemelex Xobeh.
  4241 | D:5      | Found a staircase to the Ecumenical Temple.
  4275 | D:5      | Found a broken altar of Ashenzari.
  4329 | D:5      | Noticed Edmund
  4333 | Temple   | Entered the Ecumenical Temple
  4411 | Temple   | Became a worshipper of Warmaster Okawaru
  4575 | D:5      | Killed Edmund
  4659 | D:5      | Found an ornate altar of the Wu Jian Council.
  4664 | D:5      | Found a glowing golden altar of the Shining One.
  4911 | D:5      | Found Feagim's Book Boutique.
  5219 | D:5      | Reached skill level 6 in Maces & Flails
  5219 | D:5      | Reached skill level 5 in Armour
  5219 | D:5      | Reached XP level 8. HP: 48/48 MP: 8/8
  5384 | D:6      | Found a sparkling altar of Nemelex Xobeh.
  5385 | D:6      | Found a glowing drain.
  5397 | D:6      | Reached * piety under Okawaru
  5516 | Sewer    | Entered a sewer
  6148 | D:6      | Reached skill level 7 in Maces & Flails
  6393 | D:6      | Found a basalt altar of Yredelemnul.
  6903 | D:7      | Reached skill level 5 in Fighting
  7012 | D:7      | Reached XP level 9. HP: 54/54 MP: 9/9
  7030 | D:7      | Reached ** piety under Okawaru
  7347 | D:7      | Reached skill level 8 in Maces & Flails
  8624 | D:8      | Reached *** piety under Okawaru
  8624 | D:8      | Reached skill level 9 in Maces & Flails
  8664 | D:8      | Noticed a hornet
  8672 | D:8      | Killed a hornet
  8721 | D:8      | Reached XP level 10. HP: 61/61 MP: 10/10
  8827 | D:8      | Reached **** piety under Okawaru
  8827 | D:8      | Received a gift from Okawaru
  8956 | D:8      | Found a staircase to the Lair.
  8975 | D:8      | Reached skill level 10 in Maces & Flails
  9160 | D:8      | Noticed a two-headed ogre
  9173 | D:8      | Killed a two-headed ogre
  9350 | D:8      | Found an opulent altar of Gozag.
  9371 | D:8      | Killed an unseen horror
  9622 | D:9      | Found Zaga's Book Shop.
  9763 | D:9      | Reached ***** piety under Okawaru
  9912 | D:9      | Found a white marble altar of Elyvilon.
 10103 | D:9      | Found a burning altar of Makhleb.
 10313 | Lair:1   | Entered Level 1 of the Lair of Beasts
 10333 | Lair:1   | Reached skill level 11 in Maces & Flails
 10347 | Lair:1   | Reached XP level 11. HP: 55/67 MP: 11/11
 10461 | Lair:1   | Reached skill level 10 in Shields
 11475 | Lair:2   | Noticed Prince Ribbit
 11479 | Lair:2   | Found a frozen archway.
 11486 | IceCv    | Entered an ice cave
 11587 | IceCv    | Noticed a white ugly thing
 11611 | IceCv    | Killed a white ugly thing
 11852 | IceCv    | Killed from afar by an ice statue

Illustrated notes

Levels and vault maps discovered:
D:1:      dpeg_arrival_simpleton_c, layout_loops_ring
D:2:      layout_rooms, uniq_crazy_yiuf_cottage
D:3:      minmay_door_path, layout_loops_ring,
          riverfiend_overflow_shadow_ancestor, lemuel_doored_altar,
          eat_drink_and_be_merry_uskayaw, minmay_checkerbox
D:4:      layout_gridville, kennysheep_mini_moat
D:5:      layout_basic, lemuel_crystal_altar,
          chequers_temple_overflow_statue_of_worship,
          minmay_temple_entry_sparse_star, serial_shops, shop_statue,
          shop_coins, basic_altar, minmay_fractal_squares_gapless_5, uniq_edmund
D:6:      layout_loops_ring, overflow_temple_1_default,
          lemuel_zombie_altar_yredelemnul, portal_sewer_entry_c
D:7:      layout_cave_pods
D:8:      layout_basic, lemuel_round_altar, due_lair_maze_entry_diamond
D:9:      layout_loops_ring, overflow_temple_1_default, kennysheep_little_box,
          serial_shops, nicolae_shop_competitors_out_of_business
Temple:   jpeg_temple_island
Lair:1:   layout_loops_ring
Lair:2:   layout_misc_corridors, portal_ice_cave_entry_pillars_2,
          serial_bayou_lagoon_a, st_stairs_6, grunt_megastairs_2,
          lemuel_fruit_tree, infiniplex_staircase_pool, uniq_prince_ribbit2
IceCv:    ice_cave_statue_garden_chambered

Skill      XL: |  1  2  3  4  5  6  7  8  9 10 11 |
---------------+----------------------------------+-----
Shields        | 4 5 6 8 9 10 | 10.4
Maces & Flails | 3 4 6 7 9 11 | 11.6
Armour         | 4 5 6 7 |  7.8
Fighting       | 4 5 6 7 8 |  8.0
Dodging        | 1 2 |  2.1
Stealth        | |  0.4
Evocations     | |  0.1

Action                   |  1- 3 |  4- 6 |  7- 9 | 10-12 || total
-------------------------+-------+-------+-------+-------++-------
Melee: Flail             |   154 |    63 |   526 |   443 ||  1186
       Mace              |       |   213 |       |       ||   213
Invok: Heroism           |       |       |       |     1 ||     1
Evoke: Wand              |       |       |     4 |       ||     4
  Use: Scroll            |       |     3 |     7 |     5 ||    15
       Potion            |       |       |     4 |     3 ||     7
Armor: Scale mail        |    89 |    18 |       |       ||   107
       Chain mail        |       |   204 |   236 |       ||   440
       Plate armour      |       |       |    66 |   299 ||   365
Dodge: Dodged            |    67 |    69 |   107 |   105 ||   348
Block: Kite shield       |    93 |   179 |   286 |   287 ||   845

Table legend: (Time is in decaauts)
 A = Elapsed time spent in this place.
 B = Non-inter-level travel time spent in this place.
 C = Inter-level travel time spent in this place.
 D = Time resting spent in this place.
 E = Time spent auto-exploring this place.
 F = Levels seen in this place.
 G = Mean time per level.
                   A        B        C        D        E       F      G
               +--------+--------+--------+--------+--------+-----+--------+
         Total |  12113 |  11992 |    121 |   2393 |   6381 |  14 |  865.2 |
       Dungeon |   9880 |   9759 |    121 |   1788 |   5326 |   9 | 1097.8 |
        Temple |    267 |    267 |      0 |      0 |    200 |   1 |  267.0 |
          Lair |   1155 |   1155 |      0 |    368 |    595 |   2 |  577.5 |
         Sewer |    456 |    456 |      0 |      4 |    259 |   1 |  456.0 |
      Ice Cave |    353 |    353 |      0 |    233 |      0 |   1 |  353.0 |
               +--------+--------+--------+--------+--------+-----+--------+

Top non-repeatable levels by time:
     D:8: 1638 daAuts
     D:3: 1498 daAuts
     D:7: 1145 daAuts
     D:6: 1143 daAuts
  Lair:1: 1128 daAuts
     D:1: 1087 daAuts
     D:4: 969 daAuts
     D:5: 964 daAuts
     D:2: 809 daAuts
     D:9: 625 daAuts
   Sewer: 456 daAuts
   IceCv: 353 daAuts
  Temple: 267 daAuts
  Lair:2: 26 daAuts
